Cogmind - Beta 11.1 @@@ ROGUE MODE // 2022.06.29 @ 18:15:05 Player: Cyurio Result: Self-destructed Performance ------------- Evolutions (3) 1500 Regions Visited (5) 1000 Robots Destroyed (48) 240 Value Destroyed (1317) 1317 Prototype IDs (2) 40 Alien Tech Used (0) 0 Bonus (899) 899 TOTAL SCORE: 4996 Bonus ------- High Alert Combat Kills 199 Entered Garrisons 200 Used RIF Installer 500 Cogmind --------- Core Integrity 659/700 Matter 200/300 Energy 160/160 System Corruption 0% Temperature Cool (0) Movement Rolling (80) Location -7/Factory Parts ------- > --- POWER (1) -------- Light Nuclear Core > --- PROPULSION (4) --- Wheel > --- UTILITY (6) ------ Signal Interpreter Core Analyzer Hacking Suite > --- WEAPON (2) ------- Heavy Laser > --- INVENTORY (5) ---- Light Treads Kinecellerator Reaction Control System Peak State ------------ > --- POWER ------------ Heavy Ion Engine > --- PROPULSION ------- Improved Treads Improved Treads Improved Treads > --- UTILITY ---------- Large Storage Unit Signal Interpreter ECM Suite High-powered Tractor Beam > --- WEAPON ----------- Autogun Improved Assault Rifle > --- INVENTORY -------- Ion Engine Light Nuclear Core Wheel Large Storage Unit ECM Suite Heavy Assault Rifle Autogun Autogun [Rating: 20] Favorites ----------- Power Heavy Ion Engine Engine Heavy Ion Engine Power Core Light Nuclear Core Propulsion Improved Treads Treads Improved Treads Leg Aluminum Leg Wheel Wheel Utility ECM Suite Device ECM Suite Storage Small Storage Unit Processor Signal Interpreter Hackware Hacking Suite Weapon Light Assault Rifle Energy Gun Medium Laser Ballistic Gun Light Assault Rifle Build | -11 -10 -9 -8 -8 -7 ------- Run | Scr Mat Mat Mat Gar Fac Slots Evolved 6 | . . 2 2 . 2 Power . | . . . . . . Propulsion 2 | . . 1 . . 1 Utility 4 | . . 1 2 . 1 Weapon . | . . . . . . Parts Attached 37 | . 6 16 5 5 5 Power 4 | . 1 1 1 . 1 Engine 3 | . 1 1 1 . . Core 1 | . . . . . 1 Reactor . | . . . . . . Propulsion 14 | . 1 9 1 2 1 Treads 12 | . . 9 1 2 . Leg 1 | . 1 . . . . Wheel 1 | . . . . . 1 Hover . | . . . . . . Flight . | . . . . . . Utility 7 | . 1 3 1 . 2 Device 3 | . 1 2 . . . Storage 1 | . . 1 . . . Processor 2 | . . . 1 . 1 Hackware 1 | . . . . . 1 Protection . | . . . . . . Artifact . | . . . . . . Weapon 12 | . 3 3 2 3 1 Energy Gun 1 | . . . . . 1 Energy Cannon . | . . . . . . Ballistic Gun 11 | . 3 3 2 3 . Ballistic Cannon . | . . . . . . Launcher . | . . . . . . Special Weapon . | . . . . . . Impact Weapon . | . . . . . . Slashing Weapon . | . . . . . . Piercing Weapon . | . . . . . . Special Melee Weapon . | . . . . . . Unidentified Prototypes 2 | . . 2 . . . Parts Lost 20 | . 1 4 3 12 . Power 3 | . 1 . 1 1 . Propulsion 8 | . . 3 1 4 . Utility 3 | . . 1 . 2 . Weapon 6 | . . . 1 5 . Highest Loss Streak 12 | . 1 1 3 12 . To Critical Strikes 2 | . . . . 2 . Average Slot Usage (%) 90 | . 86 98 86 72 26 Engine 10 | . 13 11 9 6 . Treads 22 | . . 30 25 20 . Leg 5 | . 28 1 . . . Device 16 | . 1 21 18 14 . Storage 10 | . 14 11 9 7 . Processor 1 | . . . 9 9 10 Energy Gun 1 | . 11 . . . 3 Ballistic Gun 18 | . 16 21 15 14 . Naked Turns . | . . . . . . Heaviest Build 37 | 11 13 37 34 34 9 Greatest Support 69 | 20 20 69 69 66 10 Greatest Overweight (x) . | . . . . . . Average Overweight (x) . | . . . . . . Largest Inventory Capacity 15 | . 8 15 15 15 5 Average Capacity 9 | . 8 9 15 14 5 Most Carried 11 | . 8 10 9 11 5 Average Carried 7 | . 7 7 7 9 4 Final Capacity 15 | 8 8 15 15 5 5 Final Carried 10 | 6 8 10 8 5 3 Class Distribution -------------------- 100% | Mutant Dominant Class ---------------- Mutant | -10/Materials Mutant | -9/Materials Mutant | -8/Materials Mutant | -8/Garrison Mutant | -7/Factory Resources | -11 -10 -9 -8 -8 -7 ----------- Run | Scr Mat Mat Mat Gar Fac Matter Collected 1174 | 200 88 593 253 40 . Remotely 765 | . . 472 253 40 . Salvage Created 1612 | . 139 1090 253 130 . Parts 114 | . 13 66 20 15 . Haulers Intercepted 1 | . . 1 . . . Recyclers Shooed 1 | . . 1 . . . Parts Field Recycled . | . . . . . . Retrieved Matter . | . . . . . . Parts Self-Destructed . | . . . . . . Prevented . | . . . . . . Kills | -11 -10 -9 -8 -8 -7 ------- Run | Scr Mat Mat Mat Gar Fac Combat Hostiles Destroyed 45 | . 7 23 9 6 . Guns 45 | . 7 23 9 6 . Classes Destroyed 7 | . 2 5 . . . Builder 1 | . . 1 . . . Hauler 1 | . . 1 . . . Watcher 1 | . . 1 . . . Swarmer 16 | . 5 . 6 5 . Grunt 18 | . 2 16 . . . Brawler 1 | . . 1 . . . Sentry 10 | . . 6 3 1 . Best Kill Streak 5 | . 3 5 4 5 . Combat Bots Only 5 | . 3 4 4 5 . Max Kills in Single Turn 2 | . 1 2 2 2 . Gunslinging 1 | . . 1 1 1 . Exploded . | . . . . . . Melee . | . . . . . . Uniques/NPCs Destroyed . | . . . . . . Combat | -11 -10 -9 -8 -8 -7 -------- Run | Scr Mat Mat Mat Gar Fac Damage Taken 3657 | . 313 1490 576 1207 71 Core 620 | . 61 155 93 270 41 Absorbed by Shields . | . . . . . . Core Remaining (%) 67 | 100 75 61 . 34 . Volleys Fired 159 | . 19 92 29 16 3 Largest 2 | . 2 2 2 2 1 Hottest 70 | . 70 46 46 46 69 Shots Fired 305 | . 38 184 56 24 3 Gun 305 | . 38 184 56 24 3 Cannon . | . . . . . . Launcher . | . . . . . . Special . | . . . . . . Kinetic 290 | . 26 184 56 24 . Thermal 15 | . 12 . . . 3 Explosive . | . . . . . . Electromagnetic . | . . . . . . Robot Hit Streak 17 | . 7 17 14 5 2 Robot Miss Streak 3 | . 3 2 2 3 1 Penetration Max . | . . . . . . Secondary Targets 6 | . . 2 2 2 . Max Gunslinging Chain 1 | . . 1 1 1 . Shots Hit Robots 219 | . 23 135 45 14 2 Core Hits 80 | . 9 51 12 7 1 Critical Kills . | . . . . . . Critical Parts Destroyed 2 | . . . 1 1 . Critical Strikes 4 | . 1 . 2 1 . Burn 1 | . 1 . . . . Destroy 3 | . . . 2 1 . Melee Attacks . | . . . . . . Impact . | . . . . . . Slashing . | . . . . . . Piercing . | . . . . . . Sneak Attacks . | . . . . . . Combat Hostiles . | . . . . . . Follow-up Attacks . | . . . . . . Damage Inflicted 3012 | . 263 1782 665 262 40 Guns 2994 | . 256 1771 665 262 40 Cannons . | . . . . . . Explosions . | . . . . . . Melee . | . . . . . . Ramming 18 | . 7 11 . . . Kinetic 2840 | . 142 1771 665 262 . Thermal 154 | . 114 . . . 40 Explosive . | . . . . . . Electromagnetic . | . . . . . . Impact . | . . . . . . Slashing . | . . . . . . Piercing . | . . . . . . Highest Corruption 3 | . 3 3 . . . Average Corruption 2 | . 2 2 . . . Corruption Purged . | . . . . . . Corruption Blocked . | . . . . . . Effects 13 | . 5 8 . . . Message Errors 3 | . 1 2 . . . Matter Fused 3 | . 2 1 . . . Heat Flow Errors 3 | . . 3 . . . Energy Discharges 2 | . 1 1 . . . Parts Rejected 1 | . . 1 . . . Data Loss (major) 1 | . 1 . . . . Overload Shots . | . . . . . . Overflow Damage . | . . . . . . Projectiles . | . . . . . . Explosions . | . . . . . . Melee . | . . . . . . Knockbacks . | . . . . . . Impact . | . . . . . . Kinetic . | . . . . . . Secondary . | . . . . . . Self-Inflicted Damage . | . . . . . . Shots . | . . . . . . Rammed 4 | . . 4 . . . Targets Rammed 5 | . 1 4 . . . Kicked 1 | . 1 . . . . Crushed . | . . . . . . Highest Temperature 287 | . 80 287 24 24 28 Average Temperature 43 | . 22 58 6 17 12 Received Heat Transfer 1029 | . 30 720 198 36 45 Effects 2 | . . 2 . . . Energy Bleed 2 | . . 2 . . . Siege Activations . | . . . . . . Robots Corrupted . | . . . . . . Combat Hostiles . | . . . . . . Parts Fried . | . . . . . . Impact Corruptions . | . . . . . . Robots Melted . | . . . . . . Combat Hostiles . | . . . . . . Parts Melted . | . . . . . . Heat Transferred 481 | . 407 . . . 74 Parts Sabotaged . | . . . . . . Parts Stolen . | . . . . . . Parts Stripped . | . . . . . . Power Chain Reactions . | . . . . . . Missiles Intercepted . | . . . . . . Alert | -11 -10 -9 -8 -8 -7 ------- Run | Scr Mat Mat Mat Gar Fac Peak Influence 758 | . 280 758 700 520 297 Initial 455 | . . 118 319 455 262 Average 372 | . 105 424 475 488 274 Maximum Alert Level 3 | . 1 3 3 2 1 Low Security (%) 20 | . 73 12 . . . Level 1 43 | . 26 49 39 . 100 Level 2 33 | . . 33 57 100 . Level 3 2 | . . 4 3 . . Level 4 . | . . . . . . Level 5 . | . . . . . . High Security . | . . . . . . Max Security . | . . . . . . Squads Dispatched 11 | . 2 5 2 . 2 Investigation 4 | . . 2 . . 2 Extermination . | . . . . . . Reinforcement 5 | . 2 3 . . . Assault . | . . . . . . Garrison 2 | . . . 2 . . Intercept . | . . . . . . Searches Triggered . | . . . . . . Construction Impeded . | . . . . . . Haulers Reinforced . | . . . . . . Active Scanning Responses . | . . . . . . Cargo Convoy Interrupts . | . . . . . . Stealth | -11 -10 -9 -8 -8 -7 --------- Run | Scr Mat Mat Mat Gar Fac Distress Signals 6 | . 1 5 . . . Communications Jammed . | . . . . . . Distress Signals . | . . . . . . Times Spotted 97 | . 16 47 12 16 6 Peak Tracking Total 14 | . 5 5 6 14 6 Tactical Retreats 16 | . 1 10 3 1 1 Traps | -11 -10 -9 -8 -8 -7 ------- Run | Scr Mat Mat Mat Gar Fac Traps Triggered 6 | . 2 3 . . 1 Indirectly . | . . . . . . Trap Hack Attempts . | . . . . . . Triggered . | . . . . . . Disarmed . | . . . . . . Reprogrammed 6 | . 6 . . . . Reused 1 | . 1 . . . . Traps Extracted . | . . . . . . Installed . | . . . . . . Triggered 1 | . 1 . . . . Machines | -11 -10 -9 -8 -8 -7 ---------- Run | Scr Mat Mat Mat Gar Fac Machines Disabled 1 | . . 1 . . . Max in Single Turn 1 | . . 1 . . . Machines Sabotaged . | . . . . . . Garrisons Compromised . | . . . . . . Overloaded Fab Kills . | . . . . . . Hacking | -11 -10 -9 -8 -8 -7 --------- Run | Scr Mat Mat Mat Gar Fac Machines Accessed 11 | . 4 5 1 . 1 Terminals 8 | . 4 4 . . . Fabricators 1 | . . . . . 1 Repair Stations . | . . . . . . Recycling Units 1 | . . 1 . . . Scanalyzers . | . . . . . . Garrison Access 1 | . . . 1 . . Total Hacks 24 | . 8 14 1 . 1 Successful 16 | . 7 7 1 . 1 Failed 8 | . 1 7 . . . Catastrophic 2 | . . 2 . . . Database Lockouts . | . . . . . . Manual 21 | . 8 12 . . 1 Terminals 21 | . 8 13 . . . Fabricators 1 | . . . . . 1 Repair Stations . | . . . . . . Recycling Units 1 | . . 1 . . . Scanalyzers . | . . . . . . Garrison Access 1 | . . . 1 . . Terminal Hacks 5 | . 3 2 . . . Part Schematic 1 | . 1 . . . . Branch Access Points 1 | . . 1 . . . Emergency Access Points 1 | . . 1 . . . Locate Traps 1 | . 1 . . . . Reprogram Traps 1 | . 1 . . . . Fabricator Hacks . | . . . . . . Repair Station Hacks . | . . . . . . Recycling Unit Hacks . | . . . . . . Scanalyzer . | . . . . . . Garrison Access Hacks 1 | . . . 1 . . Unlock Access 1 | . . . 1 . . Unauthorized Hacks 10 | . 4 5 . . 1 Terminals 8 | . 4 4 . . . Track 1 | . . 1 . . . Assimilate 2 | . 2 . . . . Botnet 5 | . 2 3 . . . Fabricators 1 | . . . . . 1 Download 1 | . . . . . 1 Repair Stations . | . . . . . . Recycling Units 1 | . . 1 . . . Tunnel 1 | . . 1 . . . Scanalyzers . | . . . . . . Garrison Access . | . . . . . . Data Cores Recovered . | . . . . . . Used . | . . . . . . Hacking Detections 8 | . 3 4 1 . . Full Trace Events . | . . . . . . Feedback Events . | . . . . . . Feedback Blocked . | . . . . . . Robot Schematics Acquired 1 | . . . . . 1 Robots Built . | . . . . . . Authchips . | . . . . . . Time . | . . . . . . Total Robot Build Rating . | . . . . . . Part Schematics Acquired 1 | . 1 . . . . Parts Built . | . . . . . . Authchips . | . . . . . . Time . | . . . . . . Total Part Build Rating . | . . . . . . Parts Repaired . | . . . . . . Time . | . . . . . . Parts Recycled . | . . . . . . Recycled Matter . | . . . . . . Retrieved Matter . | . . . . . . Retrieved Components . | . . . . . . Parts Scanalyzed . | . . . . . . Part Schematics Acquired . | . . . . . . Parts Damaged . | . . . . . . Bothacking | -11 -10 -9 -8 -8 -7 ------------ Run | Scr Mat Mat Mat Gar Fac Used RIF Installer 1 | . . . . 1 . Robots Hacked . | . . . . . . Non-combat . | . . . . . . Combat . | . . . . . . Robot Hacks Applied . | . . . . . . Relay Couplers Released . | . . . . . . Fabnet Peak Effective % . | . . . . . . Robots Rewired . | . . . . . . Allies Hacked . | . . . . . . Hacks Repelled . | . . . . . . Allies | -11 -10 -9 -8 -8 -7 -------- Run | Scr Mat Mat Mat Gar Fac Total Allies . | . . . . . . Largest Group . | . . . . . . Highest-Rated Group . | . . . . . . Highest-Rated Ally . | . . . . . . Total Orders . | . . . . . . Ally Attacks . | . . . . . . Total Damage . | . . . . . . Kills . | . . . . . . Allies Corrupted . | . . . . . . Allies Melted . | . . . . . . Intel | -11 -10 -9 -8 -8 -7 ------- Run | Scr Mat Mat Mat Gar Fac Robot Analysis Total . | . . . . . . Derelict Logs Recovered . | . . . . . . Drone Launches . | . . . . . . Drone Recoveries . | . . . . . . Exploration | -11 -10 -9 -8 -8 -7 ------------- Run | Scr Mat Mat Mat Gar Fac Turns Passed 2285 | . 384 1448 169 172 112 Spaces Moved 1002 | 1 245 478 52 103 123 Core 34 | . . . . 34 . Treads 550 | . . 429 52 69 . Legs 295 | 1 245 49 . . . Wheels 123 | . . . . . 123 Hover . | . . . . . . Flight . | . . . . . . Fastest Speed 50 | 120 120 120 160 50 80 Average Speed 134 | 120 120 155 160 123 80 Slowest Speed 160 | 120 120 160 160 160 80 Overloaded Moves . | . . . . . . Propulsion Burnouts . | . . . . . . Robots Hopped . | . . . . . . Cave-ins Triggered . | . . . . . . Exploration Rate (%) 25 | 1 51 51 7 37 4 Regions Visited 5 Branch Regions . Pre-discovered Areas 1 | . . 1 . . . Known Exits Taken 1 | . . . 1 . . Unknown Exits Taken 3 | 1 1 1 . . . Scrap Searched . | . . . . . . Spaces Dug . | . . . . . . Terrain Destroyed . | . . . . . . Melee . | . . . . . . Projectile . | . . . . . . AOE . | . . . . . . Terrain Rammed . | . . . . . . Walls Destroyed . | . . . . . . Machines Disabled . | . . . . . . Actions | -11 -10 -9 -8 -8 -7 --------- Run | Scr Mat Mat Mat Gar Fac Total 1664 | . 303 1012 91 126 132 Wait 421 | . 21 397 3 . . Move 998 | . 244 477 52 102 123 Hop . | . . . . . . Pick Up 22 | . 6 11 2 2 1 Fast Attach 8 | . 1 4 1 . 2 Attach 17 | . 1 5 4 4 3 Detach 2 | . . 2 . . . Swap 12 | . 4 7 . 1 . Drop 20 | . 6 13 . 1 . Fire 159 | . 19 92 29 16 3 Melee . | . . . . . . Ram . | . . . . . . Kick 1 | . 1 . . . . Crush 4 | . . 4 . . . Escape Stasis . | . . . . . . Rewire . | . . . . . . Trap . | . . . . . . Miscellaneous . | . . . . . . Route ------- -11/Scrapyard -10/Materials (discovered 2 exits: *Mat / [*Min]) -9/Materials (discovered 2 exits: *Mat / *Min) -8/Materials -8/Garrison -7/Factory History --------- Turn | Location | Event 1 | -11/Scrapyard | Discovered new exit (range 0) 1 | -11/Scrapyard | Entered Materials 143 | -10/Materials | Discovered new exit (range 13) 327 | -10/Materials | Discovered new exit (range 16) 357 | -10/Materials | Build established: Mutant 385 | -10/Materials | Entered another Materials area 385 | -9/Materials | Evolved 2 slots: Propulsion x1, Utility x1 632 | -9/Materials | Identified exit to Mines 1804 | -9/Materials | Discovered new exit (range 16) 1833 | -9/Materials | Entered another Materials area 1833 | -8/Materials | Evolved 2 slots: Utility x2 1879 | -8/Materials | Garrison activated, responded to threat 1929 | -8/Materials | Lost 3 parts (1p1n1w) 2002 | -8/Materials | Identified exit to Garrison 2002 | -8/Materials | Entered Garrison 2010 | -8/Garrison | Installed Relay Interface Framework 2116 | -8/Garrison | Triggered checkpoint 2116 | -8/Garrison | Triggered checkpoint 2151 | -8/Garrison | Core integrity fell below 50% 2170 | -8/Garrison | Discovered new exit (range 10) 2174 | -8/Garrison | Identified exit to Factory 2174 | -8/Garrison | Entered Factory 2174 | -7/Factory | Evolved 2 slots: Propulsion x1, Utility x1 2199 | -7/Factory | Lost 12 parts (1p4n2u5w) 2286 | -7/Factory | Self-destructed Last Messages --------------- 02157_ Dropped Lrg. Storage Unit. 02168_ Autogun destroyed. 02170_ EXIT=FOUND 02174_ EXIT=IDENTIFIED: FACTORY 02174_ Attempting to access garrison exit controls... RIF authorized. PARAMETERS=PROPULSION+1,UTILITY+1 LOCATION=FACTORY GOAL=ESCAPE 02204_ Acquired Kinecellerator. 02215_ Triggered Alarm Trap. 02215_ An alarm sounds. 02215_ ALERT: Alarm triggered, dispatching investigation squad. 02216_ Connecting with Fabricator... >>Force(Download) DOWNLOADED[K-01 Serf] 02216_ ALERT: Suspicious activity at Fabricator F004. Dispatching Investigation squad. 02235_ Acquired Core Analyzer. 02238_ Acquired Hvy. Laser. Map ----- +----------------------------------------------------+ | ?????????????????????????????????????????????????? | | ?????????????????????????????????????????????????? | | ?????????????????????????????????????????????????? | | ?????????????????????????????????????????????????? | | ?????????????????????????????????????????????????? | | ?????????????????????????????????????????????????? | | ?????????????????????????????????????????????????? | | ?????????????????????????????????????????????????? | | ?????????????????????????????????????????????????? | | ?????????????????????????????????????????????????? | | ?????????????????????????????????????????????????? | | ?????????????????????????????????????????????????? | | ?????????????????????????????????????????????????? | | ?????????????????????????????????????????????????? | | ?????????????????????????????????????????????????? | | ?????????????????????????????????????????????????? | | ?????????????????????????????????????????????????? | | ?????????????????????????????????????????????????? | | ?????????????????????????????????????????????????? | | ?????????????????????????????????????????????????? | | ?????????????????????????????????????????????????? | | ?????????????????????????????????????????????????? | | ?????????????????????????????????????????????????? | | ?????????????????????????????????????????????????? | | ????????????????##############???????????????????? | | ????????????????# @ #???????????????????? | | ????????????????# #???????????????????? | | ????????????????# """"""" #???????????????????? | | ????##?########?# """"""" #???????????????????? | | ????# #????""""""" #???????????????????? | | ????# """"""" #?# """"""" #???????????????????? | | ????# """"""" #?# #???????????????????? | | ????# """"""" #?# """"""" #???????????????????? | | ????# """"""" #?# """"""" #???????????????????? | | ????# #?# """"""" #???????????????????? | | ????# #?# """"""" #???????????????????? | | ????# #?# #???????????????????? | | #########+#############+######???????????????????? | | ####??????????????????? | | "" #??????????????????? | | """ !! """#??????????????????? | | ""F"" !! F"#??????????????????? | | "" "" """#??????????????????? | | ###+########### "" #??????????????????? | | """ #???# """ """ #####?????????????????? | | "Y" #???# """ """ ??????????????????? | | """ " " #???# """ """ #####?????????????????? | | """ #???# #?????????????????????? | | """ #???# #?????????????????????? | | #???# #?????????????????????? | +----------------------------------------------------+ Best States ------------- Heat Dissipation 34 Energy Generation 14 Energy Capacity 280 Matter Stores 300 Matter Capacity 300 Sight Range 16 Robot Scan Range 14 Terrain Scan Density 10 ECM Strength 1 Evasion (%) 55 Core Analysis 6 Recoil Reduction 3 Offensive Hacking 10 Item Schematics ----------------- Flight Unit | -10/Materials | Hacked Robot Schematics ------------------ K-01 Serf | -7/Factory | Downloaded Fabricated ------------ Nothing Alien Tech Used ----------------- None Achievements -------------- None Challenges ------------ None Game ------ Seed MagneticTransportKit Manual? 0 Play Time 00:20:31 Cumulative 49.3 hours Start 2022.06.29 @ 17:55:43 End 2022.06.29 @ 18:15:05 Sessions 1 Manual Loads 0 Difficulty Rogue Special Mode None Game No. 79 Rogue 79 Adventurer 0 Explorer 0 Win Type - Total 0 Types 0/0/0/0/0/0/0/0/0 Lore% 32 Gallery% 36 Achievement% 30 Wizard Run 0 Options --------- ASCII 0 Keyboard 1 Movement Vi Keybinds 1 Fullscreen 1 Font 24/Smallcaps Map View 76x50 Tactical HUD 1 Map Filters NONE Filters NONE Steam 1 RUN: 859e7c78-7aa4-415c-bd09-8e395169c139